 Dungeon Crawl Stone Soup version 0.25-a0-102-gbfa96ce22d (webtiles) character file.

Game seed: 2431615057127789632, levelgen mode: deterministic

267596 CouchPotato the Wrestler (level 19, -5/183 HPs)
             Began as a Troll Monk on Nov 15, 2019.
             Was the Champion of Jiyva.
             Slain by a cyan very ugly thing (19 damage)
             ... on level 4 of the Vaults.
             The game lasted 02:21:31 (44107 turns).

CouchPotato the Wrestler (Troll Monk)              Turns: 44107, Time: 02:21:32

Health: -5/183     AC: 24    Str: 27    XL:     19   Next: 35%
Magic:  0/20       EV:  8    Int: 10    God:    Jiyva [******]
Gold:   2695       SH: 20    Dex: 15    Spells: 19/21 levels left

rFire    . . .     SeeInvis +     - Unarmed
rCold    + + +     Gourm    +   y - +0 large shield
rNeg     . . .     Faith    .   x - +1 ice dragon scales
rPois    .         Spirit   +   T - +1 hat
rElec    .         Reflect  .   f - +2 cloak
rCorr    +         Harm     .   (gloves unavailable)
MR       +....                  (boots unavailable)
Stlth    ..........             F - amulet of guardian spirit
HPRegen  0.80/turn              K - ring "Isiq" {rF+ Int-5 Dex+5 SInv}
MPRegen  0.17/turn              a - ring "Cukoan" {rC+ Str+4 Stlth-}

@: drained
A: large, unfitting armour, claws 3, slimy green scales 1, fast metabolism 3,
gourmand, regeneration 1, shaggy fur 1, tough skin 3, acidic bite, translucent
skin 1
}: 2/15 runes: serpentine, slimy
a: Request Jelly, Slimify, Cure Bad Mutation, Renounce Religion


You were on level 4 of the Vaults.
You worshipped Jiyva.
Jiyva was exalted by your worship.
You were very full.

You visited 7 branches of the dungeon, and saw 37 of its levels.
You also visited: Gauntlet, Ice Cave and Wizlab.

You collected 3345 gold pieces.
You spent 650 gold pieces at shops.

Inventory:

Hand Weapons
 H - a +9 scimitar of flaming
Missiles
 p - 12 atropa-tipped darts
 q - 40 boomerangs
 G - 59 poisoned darts
 I - a throwing net
 U - 46 large rocks (quivered)
Armour
 f - a +2 cloak (worn)
 j - a +0 shield of fire resistance
 v - the +2 robe of Free Expression {*Drain rElec rPois rF+}
   (You found it in a Gauntlet)

   It protects you from fire.
   It insulates you from electricity.
   It protects you from poison.
   It causes draining when unequipped.
 x - +1 ice dragon scales (worn)
 y - a +0 large shield (worn)
 T - a +1 hat (worn)
 Y - +0 fire dragon scales
Jewellery
 a - the ring "Cukoan" (right claw) {rC+ Str+4 Stlth-}
   (You took it off a minotaur in a Gauntlet)

   [ring of attention]

   It affects your strength (+4).
   It protects you from cold.
   It makes you less stealthy.
 e - an uncursed ring of wizardry
 F - an amulet of guardian spirit (around neck)
 K - the ring "Isiq" (left claw) {rF+ Int-5 Dex+5 SInv}
   (You found it in a Gauntlet)

   [ring of protection from fire]

   It affects your intelligence (-5).
   It affects your dexterity (+5).
   It protects you from fire.
   It lets you see invisible.
 V - an uncursed ring of magical power
 Z - an uncursed ring of protection from magic
Wands
 d - a wand of acid (37)
 B - a wand of enslavement (15)
 E - a wand of flame (22)
 R - a wand of digging (12)
 S - a wand of paralysis (23)
Scrolls
 h - 10 scrolls of remove curse
 i - 5 scrolls of magic mapping
 k - 3 scrolls of blinking
 m - 2 scrolls of enchant armour
 n - 11 scrolls of teleportation
 t - 9 scrolls of fog
 A - 6 scrolls of fear
 C - 3 scrolls of immolation
 L - 9 scrolls of identify
Potions
 c - 3 potions of flight
 g - 3 potions of might
 l - 2 potions of cancellation
 o - a potion of heal wounds
 r - 8 potions of brilliance
 s - 5 potions of berserk rage
 u - 2 potions of agility
 w - 3 potions of resistance
 z - 3 potions of haste
 D - 6 potions of curing
 J - a potion of invisibility
 O - 7 potions of lignification
Miscellaneous
 P - a box of beasts
 W - 2 phantom mirrors
 X - a phial of floods
Comestibles
 b - 48 rations


   Skills:
 * Level 10.3(9.2) Fighting
 + Level 2.1(1.2) Long Blades
 - Level 11.5(10.4) Throwing
 - Level 12.0(10.8) Armour
 - Level 3.3(2.4) Dodging
 - Level 1.0(0.2) Stealth
 * Level 13.3(12.1) Shields
 + Level 21.4(20.0) Unarmed Combat
 - Level 1.6(0.7) Spellcasting
 - Level 1.8(1.0) Charms
 + Level 0.1(0.0) Evocations


You had 19 spell levels left.
You knew the following spells:

 Your Spells              Type           Power        Failure   Level  Hunger
a - Song of Slaying       Chrm           #.......     82%         2    ###....

Your spell library contained the following spells:

 Spells                   Type           Power        Failure   Level  Hunger
 Infusion                 Chrm           #...         67%         1    ##.....
 Animate Skeleton         Necr           N/A          82%         1    ##.....
 Freeze                   Ice            #...         82%         1    ##.....
 Pain                     Necr           #...         82%         1    ##.....
 Shock                    Conj/Air       #...         82%         1    ##.....
 Shroud of Golubria       Chrm/Tloc      #.....       87%         2    ###....
 Swiftness                Chrm/Air       #.......     87%         2    ###....
 Corpse Rot               Necr           N/A          91%         2    ###....
 Searing Ray              Conj           #.....       91%         2    ###....
 Sticks to Snakes         Tmut           #.......     91%         2    ###....
 Sublimation of Blood     Necr           #.........   91%         2    ###....
 Throw Flame              Conj/Fire      #.....       91%         2    ###....
 Throw Frost              Conj/Ice       #.....       91%         2    ###....
 Ozocubu's Armour         Chrm/Ice       #.......     98%         3    ####...
 Regeneration             Chrm/Necr      #.........   98%         3    ####...
 Spectral Weapon          Hex/Chrm       #.......     98%         3    ####...
 Ignite Poison            Fire/Tmut/Pois #.......     99%         3    ####...
 Mephitic Cloud           Conj/Pois/Air  #.......     99%         3    ####...
 Static Discharge         Conj/Air       #.......     99%         3    ####...
 Vampiric Draining        Necr           #.........   99%         3    ####...
 Airstrike                Air            #.........   100%        4    #####..
 Animate Dead             Necr           N/A          100%        4    #####..
 Passage of Golubria      Tloc           N/A          100%        4    #####..
 Summon Ice Beast         Ice/Summ       #.......     100%        4    #####..
 Summon Lightning Spire   Summ/Air       #.......     100%        4    #####..
 Throw Icicle             Conj/Ice       #.......     100%        4    #####..
 Agony                    Necr           #.......     100%        5    ######.
 Bolt of Draining         Conj/Necr      #.........   100%        5    ######.
 Dispel Undead            Necr           #.......     100%        5    ######.
 Excruciating Wounds      Chrm/Necr      #.........   100%        5    ######.
 Irradiate                Conj/Tmut      #.........   100%        5    ######.
 Lightning Bolt           Conj/Air       #.........   100%        5    ######.
 Silence                  Hex/Air        #.........   100%        5    ######.
 Summon Forest            Summ/Tloc      #.........   100%        5    ######.
 Summon Mana Viper        Hex/Summ       #.......     100%        5    ######.
 Venom Bolt               Conj/Pois      #.........   100%        5    ######.
 Hydra Form               Tmut           #.........   100%        6    #######
 Ozocubu's Refrigeration  Ice            #.........   100%        6    #######
 Simulacrum               Ice/Necr       #.........   100%        6    #######
 Statue Form              Tmut/Erth      #........    100%        6    #######
 Dragon Form              Tmut           #.........   100%        7    #######
 Tornado                  Air            #.........   100%        9    #######


Dungeon Overview and Level Annotations

Branches:
Dungeon (15/15)            Temple (1/1) D:4            Lair (6/6) D:9
  Swamp (0/4) Lair:4        Snake (4/4) Lair:2        Slime (5/5) Lair:5
    Orc (2/2) D:12            Elf (0/3) Orc:2        Vaults (4/5) D:14
  Crypt (0/3) Vaults:3     Depths (0/5) D:15          IceCv (visited)
 WizLab (visited)         Gauntlet (visited)

Altars:
Ashenzari
Cheibriados
Dithmenos
Elyvilon
Fedhas
Gozag
Hepliaklqana
Kikubaaqudgha
Makhleb
Nemelex Xobeh
Okawaru
Qazlal
Ru
Sif Muna
Trog
Uskayaw
Vehumet
Wu Jian
Xom
Yredelemnul
Zin
The Shining One
Beogh
Jiyva

Shops:
D:11 ?   D:13 %}((}   D:14 ?   Orc:1 ?   Orc:2 %%[}   Snake:4 }}   Vaults:2 }

Portals:
Pandemonium: Orc:2

Annotations:
D:11 exclusion: downstairs
D:14 exclusions: door, downstairs and hydra
Lair:3 3 runed translucent doors, Zycearphob's ghost, journeyman OgFE
Lair:5 sigonnn's ghost, adept GrFi
Slime:5 Royal Jelly


Innate Abilities, Weirdness & Mutations

You are too large for most types of armour.
You have claws for hands.
Your metabolism is lightning-fast.
You like to eat raw meat.
Your natural rate of healing is unusually fast.
You are covered in fur. (AC +1)
You have extremely tough skin. (AC +3)
You are partially covered in slimy green scales. (AC +2)
You have acidic saliva.
Your translucent skin slightly reduces your foes' accuracy. (Stealth)


Message History

* * * LOW HITPOINT WARNING * * *
You feel drained.
* * * LOW HITPOINT WARNING * * *
You eviscerate the cyan very ugly thing!!!
Your bite misses the cyan very ugly thing.
The cyan very ugly thing is severely wounded.
You hear a deafening roar!
The cyan very ugly thing punches you!
* * * LOW HITPOINT WARNING * * *
The cyan very ugly thing shocks you!!
* * * LOW HITPOINT WARNING * * *
You feel much better.
The vault warden hits you with a +4 battleaxe of draining!!
* * * LOW HITPOINT WARNING * * *
You feel drained.
* * * LOW HITPOINT WARNING * * *
The cyan very ugly thing punches you.
* * * LOW HITPOINT WARNING * * *
The cyan very ugly thing shocks you!!
You die...

##### #### #######.##.###
##
...#########..##...##...#
.### ...#......##..##..##
#..##.Dp###
...###'##..#).+..##
#..#uQp..##
...##...##.)).#..#
#..#pDpo..p
.###.....#.####..# #.))c#
...#..⌠..#.. #.@##
##.(### ##(#.....###.
##pu####..## .(.##...##
.. #Q.c..(..# (#..##'###
.####p...### .##......#
.# ###+###### .#########
#......# ## #......#
#......# #......#


You could see a cyan very ugly thing, a vault warden, a tengu reaver, a yaktaur
captain and a hell knight.

Vanquished Creatures
  A sphinx (Vaults:3)
  2 ancient champions (Vaults:3)
  10 nagarajas
  A storm dragon (Vaults:4)
  Aizul (Snake:2)
  An orc warlord (Orc:1)
  4 frost giants
  Roxanne (Snake:1)
  4 fire giants
  5 vault wardens
  4 ironheart preservers
  2 deep elf sorcerers (Vaults:3)
  2 stone giants
  2 very ugly things
  A minotaur (Gauntlet)
  A lorocyproca (WizLab)
  The ghost of Onawkac the Blocker, a journeyman OpWz of the Shining One (Orc:1)
  A deep elf death mage (Vaults:3)
  A blizzard demon (WizLab)
  4 fire dragons
  Josephine (Lair:5)
  2 green deaths
  5 yaktaur captains
  3 vault guards (D:14)
  A rakshasa (Vaults:1)
  The ghost of Taecwiena the Nimble, a journeyman HaEn of Hepliaklqana (D:14)
  3 ice dragons
  16 naga warriors
  3 anacondas
  5 hydras
  A death knight (Vaults:1)
  12 centaur warriors
  26 two-headed ogres
  7 ogre magi
  A titan zombie (Vaults:4)
  4 orc high priests (Orc:2)
  14 naga sharpshooters (Snake:4)
  9 death yaks
  3 sun demons
  4 soul eaters (WizLab)
  5 shock serpents
  5 deep elf knights
  A shadow wraith (Vaults:1)
  3 spriggans (D:14)
  A sixfirhy (WizLab)
  6 skeletal warriors
  A salamander mystic (Snake:2)
  An infernal demonspawn (Orc:2)
  A shadow demon (WizLab)
  A deep troll (Vaults:1)
  5 unseen horrors
  A flayed ghost (Vaults:2)
  5 ironbrand convokers
  6 naga ritualists
  2 deep elf archers
  17 orc knights
  3 wizards
  A wolf spider zombie (D:12)
  11 orc sorcerers
  3 mana vipers
  A lindwurm (Lair:6)
  2 wolf spiders
  4 deep elf magi
  33 ugly things
  11 salamanders
  A moth of wrath (Gauntlet)
  4 oklob plants (Lair:5)
  A frost giant skeleton (Vaults:4)
  14 cyclopes
  A manticore (D:10)
  8 elephants (Lair:6)
  3 molten gargoyles (Lair:6)
  A smoke demon (WizLab)
  4 guardian serpents
  28 black mambas
  3 rust devils (WizLab)
  8 vault sentinels
  2 ice statues (IceCv)
  4 gargoyles
  A hellion (WizLab)
  12 spiny frogs
  18 naga magi
  4 orange demons
  A torpor snail (Gauntlet)
  6 komodo dragons
  2 efreet
  5 rime drakes
  4 freezing wraiths
  A yaktaur (shapeshifter) (D:13)
  2 tengu conjurers
  2 ice devils (WizLab)
  12 yaktaurs
  2 hellwings
  A polar bear (Lair:6)
  A merfolk (D:10)
  2 red devils
  2 jumping spiders (shapeshifter)
  A tengu simulacrum (Vaults:3)
  4 trolls
  8 hornets
  10 slime creatures
  Grinder (D:4)
  5 blink frogs (Lair:2)
  A flying skull (Vaults:3)
  7 hippogriffs
  2 raiju (shapeshifter)
  2 centaur simulacra (D:15)
  8 wraiths
  A spriggan (shapeshifter) (D:14)
  A redback (D:15)
  5 wyverns
  56 yaks
  2 tarantellas (shapeshifter)
  A hog (shapeshifter) (Vaults:2)
  11 basilisks
  13 vampire mosquitoes
  5 steam dragons
  3 hungry ghosts
  A chaos spawn (WizLab)
  3 wargs
  42 nagas
  2 acid dragons (Vaults:1)
  2 soldier ants
  4 hell hounds (Lair:6)
  7 water moccasins
  10 porcupines
  12 ice beasts
  7 black bears
  49 orc warriors
  2 phantoms
  3 sky beasts
  22 ogres
  3 eyes of draining
  A necrophage (D:10)
  5 boggarts
  34 wolves
  22 centaurs
  14 crocodiles
  3 big kobolds
  14 bullfrogs
  4 scorpions
  7 killer bees
  11 wights
  An electric eel (Lair:5)
  10 howler monkeys
  5 lava snakes (Lair:6)
  7 crimson imps
  2 bullfrog zombies
  5 centaur zombies
  A quasit (D:12)
  2 jellies
  7 hounds
  23 orc wizards
  2 centaur skeletons
  28 orc priests
  4 bullfrog skeletons
  A gnoll shaman (D:10)
  6 iguanas
  10 worker ants
  A killer bee zombie (D:10)
  A bullfrog simulacrum (D:10)
  2 hound zombies
  15 gnolls
  14 adders
  3 shadow imps
  2 adder zombies
  An adder skeleton (D:7)
  A worm (D:4)
  5 dart slugs
  3 leopard geckos
  114 orcs
  A ball python (D:3)
  4 giant cockroaches
  9 goblins
  11 hobgoblins
  A jackal (D:10)
  3 quokkas
  A ball python skeleton (D:4)
  6 bats
  4 frilled lizards
  A giant cockroach zombie (D:5)
  29 kobolds
  2 quokka zombies
  7 rats
  2 plants (Lair:5)
1248 creatures vanquished.

Vanquished Creatures (collateral kills)
  A death knight (Vaults:3)
1 creature vanquished.

Vanquished Creatures (others)
  An azure jelly (Snake:4)
  An ogre mage (Vaults:1)
  A two-headed ogre (Vaults:1)
  2 glowing orange brains (Vaults:4)
  2 wizards (Vaults:1)
  A deep troll (Vaults:3)
  2 ironbrand convokers
  A mana viper (Snake:3)
  A faun (shapeshifter) (Vaults:2)
  A komodo dragon (shapeshifter) (Vaults:1)
  A yaktaur (Vaults:3)
  An ice devil (WizLab)
  17 slime creatures
  A golden eye (shapeshifter) (Vaults:1)
  9 nagas
  A naga (shapeshifter) (Vaults:3)
  2 orc warriors
  2 ogres
  109 jellies
  2 orc wizards
  6 orcs
  9 demonic plants (Gauntlet)
  21 fungi
  31 plants
225 creatures vanquished.

Grand Total: 1474 creatures vanquished

Notes
Turn   | Place    | Note
-------+----------+-------------------------------------------
     0 | D:1      | CouchPotato the Troll Monk began the quest for the Orb.
     0 | D:1      | Reached XP level 1. HP: 22/22 MP: 0/0
   124 | D:1      | Reached XP level 2. HP: 29/29 MP: 1/1
   339 | D:1      | Reached XP level 3. HP: 32/36 MP: 2/2
   948 | D:2      | Reached skill level 4 in Unarmed Combat
  1138 | D:2      | Reached XP level 4. HP: 42/44 MP: 3/3
  1351 | D:3      | Noticed a bullfrog
  1364 | D:3      | Killed a bullfrog
  1364 | D:3      | Reached skill level 1 in Armour
  1364 | D:3      | Reached XP level 5. HP: 29/52 MP: 4/4
  1542 | D:3      | Found a white marble altar of Elyvilon.
  1734 | D:3      | Found a hide-covered altar of Uskayaw.
  1923 | D:3      | Found a glowing silver altar of Zin.
  1923 | D:3      | Noticed an angel
  2130 | D:4      | Reached skill level 5 in Unarmed Combat
  2303 | D:4      | Noticed Grinder
  2335 | D:4      | Paralysed by Grinder for 5 turns
  2341 | D:4      | Noticed a phantom
  2342 | D:4      | Killed Grinder
  2342 | D:4      | Reached XP level 6. HP: 37/61 MP: 5/5
  2349 | D:4      | Found a staircase to the Ecumenical Temple.
  2404 | D:4      | Found an opulent altar of Gozag.
  2448 | D:4      | Reached skill level 1 in Shields
  2452 | D:4      | Reached skill level 6 in Unarmed Combat
  2454 | D:4      | Reached XP level 7. HP: 61/67 MP: 6/6
  2719 | D:5      | Entered Level 5 of the Dungeon
  2766 | D:5      | Reached skill level 1 in Throwing
  3525 | D:6      | Reached skill level 7 in Unarmed Combat
  3541 | D:6      | Reached XP level 8. HP: 38/75 MP: 7/7
  4379 | D:7      | Reached skill level 8 in Unarmed Combat
  4410 | D:7      | Found an ornate altar of the Wu Jian Council.
  4621 | D:7      | Reached XP level 9. HP: 35/83 MP: 8/8
  4946 | D:7      | Gained mutation: Your flesh is heat resistant. (rF+)
                  | [potion of mutation]
  4946 | D:7      | Gained mutation: Your body sometimes deteriorates upon
                  | taking damage. [potion of mutation]
  4946 | D:7      | Gained mutation: Your spells are a little harder to cast,
                  | but a little more powerful. [potion of mutation]
  4947 | D:7      | Lost mutation: Your body sometimes deteriorates upon taking
                  | damage. [potion of mutation]
  4947 | D:7      | Lost mutation: Your flesh is heat resistant. (rF+) [potion
                  | of mutation]
  4947 | D:7      | Gained mutation: You are partially covered in slimy green
                  | scales. (AC +2) [potion of mutation]
  4947 | D:7      | Gained mutation: You are partially covered in rugged brown
                  | scales. (AC +1, +3% HP) [potion of mutation]
  5166 | D:8      | Reached skill level 9 in Unarmed Combat
  5296 | D:8      | Reached skill level 5 in Shields
  5983 | D:9      | Reached skill level 10 in Unarmed Combat
  6067 | D:9      | Found a staircase to the Lair.
  6068 | D:9      | Reached XP level 10. HP: 94/94 MP: 9/9
  6096 | D:9      | Reached skill level 5 in Armour
  7001 | D:10     | Entered Level 10 of the Dungeon
  7070 | D:10     | Noticed a deep elf mage
  7077 | D:10     | Noticed an orange demon
  7077 | D:10     | Killed a deep elf mage
  7116 | D:10     | Reached skill level 11 in Unarmed Combat
  7435 | D:10     | Reached XP level 11. HP: 84/103 MP: 10/10
  7893 | Temple   | Entered the Ecumenical Temple
  8185 | D:3      | Became a worshipper of Elyvilon the Healer
  8185 | D:3      | Reached * piety under Elyvilon
  8185 | D:3      | Reached ** piety under Elyvilon
  8731 | D:11     | Noticed a two-headed ogre
  8741 | D:11     | Killed a two-headed ogre
  8942 | D:11     | Noticed a two-headed ogre
  8945 | D:11     | Reached skill level 12 in Unarmed Combat
  8952 | D:11     | Killed a two-headed ogre
  8959 | D:11     | Found a frozen archway.
  8976 | IceCv    | Entered an ice cave
  8976 | IceCv    | Noticed a white ugly thing
  8990 | IceCv    | Killed a white ugly thing
  9075 | IceCv    | Found a transporter.
  9093 | IceCv    | Noticed a white ugly thing
  9099 | IceCv    | Killed a white ugly thing
  9100 | IceCv    | Found a transporter.
  9370 | D:11     | Found Dumutet's Magic Scroll Shoppe.
  9375 | D:11     | Bought a scroll of teleportation for 48 gold pieces
  9449 | D:11     | Reached *** piety under Elyvilon
  9555 | D:11     | Found a stormy altar of Qazlal.
 10080 | D:12     | Noticed a cyan ugly thing
 10102 | D:11     | Killed a cyan ugly thing
 10167 | D:12     | Found a staircase to the Orcish Mines.
 10550 | D:12     | Noticed a green ugly thing
 10551 | D:12     | Reached skill level 13 in Unarmed Combat
 10551 | D:12     | Reached XP level 12. HP: 90/112 MP: 11/11
 10946 | D:12     | Reached **** piety under Elyvilon
 11682 | D:13     | Found Fijin's Antique Weapon Boutique.
 11758 | D:13     | Found Vuveuv's Weapon Shoppe.
 11782 | D:13     | Found Vieff's Gadget Boutique.
 11782 | D:13     | Noticed a centaur warrior
 11792 | D:13     | Killed a centaur warrior
 11792 | D:13     | Reached skill level 5 in Fighting
 11792 | D:13     | Reached skill level 14 in Unarmed Combat
 11824 | D:13     | Found Fipt's Gadget Shop.
 11860 | D:13     | Found Apnipyle's Food Shoppe.
 12002 | D:13     | Noticed a six-headed hydra
 12013 | D:13     | Killed a six-headed hydra
 12087 | D:13     | Reached ***** piety under Elyvilon
 12283 | D:14     | Noticed a seven-headed hydra
 12397 | D:14     | Reached skill level 1 in Long Blades
 12778 | D:14     | Noticed a vault guard
 12809 | D:14     | Killed a vault guard
 12809 | D:14     | Reached skill level 15 in Unarmed Combat
 12809 | D:14     | Reached XP level 13. HP: 120/121 MP: 12/12
 13236 | D:14     | Found a gate to the Vaults.
 13630 | D:14     | Reached skill level 5 in Throwing
 13869 | D:14     | Found Ryvir's Magic Scroll Shoppe.
 13875 | D:14     | Bought a scroll of acquirement for 572 gold pieces
 13987 | D:14     | Found a runed translucent door.
 13988 | D:14     | Identified the cursed +3 trident of the Evil Eye {pierce,
                  | rC+ Int+4}
 13989 | D:14     | Noticed Taecwiena's ghost (journeyman HaEn)
 14295 | D:14     | Reached skill level 16 in Unarmed Combat
 14505 | D:14     | Killed Taecwiena's ghost
 14715 | D:13     | Bought 4 large rocks for 30 gold pieces
 14822 | D:15     | Entered Level 15 of the Dungeon
 15692 | D:15     | Reached XP level 14. HP: 109/130 MP: 13/13
 15906 | D:15     | Found a staircase to the Depths.
 16049 | D:15     | Noticed a fire giant
 16049 | D:15     | Noticed a red very ugly thing
 16229 | D:14     | Killed a red very ugly thing
 16399 | D:15     | Identified the +3 leather armour "Xeodogg" {rElec rC+
                  | Regen+}
 16461 | D:15     | Killed a fire giant
 16539 | D:15     | Reached skill level 17 in Unarmed Combat
 16839 | Lair:1   | Entered Level 1 of the Lair of Beasts
 18132 | Lair:2   | You fall into a shaft and drop 1 floor!
 18573 | Lair:3   | Found a runed translucent gate.
 18630 | Lair:3   | Found a runed translucent gate.
 18632 | Lair:3   | Found a runed translucent gate.
 18794 | Lair:3   | Noticed Zycearphob's ghost (journeyman OgFE)
 19172 | Lair:2   | Found a staircase to the Snake Pit.
 19453 | Lair:4   | Reached skill level 10 in Armour
 19667 | Lair:4   | Reached ****** piety under Elyvilon
 19839 | Lair:4   | Found a staircase to the Swamp.
 20543 | Lair:5   | Found a gate leading to a gauntlet.
 20552 | Gauntlet | Entered a Gauntlet
 20552 | Gauntlet | Found a transporter.
 20562 | Gauntlet | Found a transporter.
 20577 | Gauntlet | Found a transporter.
 20582 | Gauntlet | Found a transporter.
 20601 | Gauntlet | Found a transporter.
 20616 | Gauntlet | Found a transporter.
 20628 | Gauntlet | Found a transporter.
 20640 | Gauntlet | Found a transporter.
 20652 | Gauntlet | Found a transporter.
 20664 | Gauntlet | Found a transporter.
 20681 | Gauntlet | Found a transporter.
 20699 | Gauntlet | Found a transporter.
 20701 | Gauntlet | Found a transporter.
 20726 | Gauntlet | Found a transporter.
 20728 | Gauntlet | Found a transporter.
 20748 | Gauntlet | Found a transporter.
 20826 | Gauntlet | Found a transporter.
 20848 | Gauntlet | Found a transporter.
 21100 | Gauntlet | Found a transporter.
 21106 | Gauntlet | Found a transporter.
 21144 | Gauntlet | Found a transporter.
 21155 | Gauntlet | Got a bloodstained robe
 21156 | Gauntlet | Identified the +2 robe of Free Expression {*Drain rElec
                  | rPois rF+} (You found it in a Gauntlet)
 21180 | Gauntlet | Found a transporter.
 21188 | Gauntlet | Reached XP level 15. HP: 114/141 MP: 14/14
 21336 | Gauntlet | Got a coiled lapis lazuli ring
 21341 | Gauntlet | Identified the ring "Isiq" {rF+ Int-5 Dex+5 SInv} (You
                  | found it in a Gauntlet)
 21344 | Gauntlet | Found a transporter.
 21352 | Gauntlet | Identified the +7 plate armour of Chimes {rElec rN+++ MR-
                  | rCorr}
 21352 | Gauntlet | Identified the ring "Cukoan" {rC+ Str+4 Stlth-}
 21767 | Lair:5   | Reached skill level 18 in Unarmed Combat
 21988 | Lair:5   | Noticed Josephine
 21995 | Lair:5   | Killed Josephine
 22441 | Lair:5   | Found a viscous altar of Jiyva.
 22442 | Lair:5   | Found a staircase to the Slime Pits.
 22728 | Lair:6   | Entered Level 6 of the Lair of Beasts
 22833 | Lair:6   | Found a runed translucent gate.
 22866 | Lair:6   | Found a runed translucent gate.
 22866 | Lair:6   | Found a runed translucent gate.
 22867 | Lair:6   | Noticed sigonnn's ghost (adept GrFi)
 23217 | Lair:6   | Found a large runed translucent door.
 23834 | Lair:6   | Found a large runed translucent door.
 24801 | Orc:1    | Entered Level 1 of the Orcish Mines
 24830 | Orc:1    | Found Cionokux's Magic Scroll Boutique.
 25209 | Orc:1    | Found a runed translucent door.
 25209 | Orc:1    | Noticed Onawkac's ghost (journeyman OpWz)
 25214 | Orc:1    | Noticed an orc warlord
 25257 | Orc:1    | Killed an orc warlord
 25452 | Orc:1    | Killed Onawkac's ghost
 25460 | Orc:1    | Identified Rionuch's Foundations of Wizardry
 25467 | Orc:1    | Learned a level 2 spell: Song of Slaying
 25646 | Orc:2    | Entered Level 2 of the Orcish Mines
 25927 | Orc:2    | Found a roughly hewn altar of Beogh.
 26298 | Orc:2    | Found a staircase to the Elven Halls.
 27220 | Orc:2    | Found Voagh's Food Emporium.
 27224 | Orc:2    | Found Tej Rumnei's Food Shoppe.
 27664 | Orc:2    | Reached XP level 16. HP: 136/153 MP: 16/16
 27698 | Orc:2    | Reached skill level 1 in Charms
 28151 | Orc:2    | Reached skill level 1 in Spellcasting
 28342 | Orc:2    | Found Yhie's Antique Armour Shop.
 28342 | Orc:2    | Found a one-way gate leading to the halls of Pandemonium.
 28342 | Orc:2    | Found Guigheme's Gadget Boutique.
 28587 | Lair:5   | Fell from the grace of Elyvilon
 28587 | Lair:5   | Became a worshipper of Jiyva Juysabok the Shapeless
 29555 | Lair:6   | Reached * piety under Jiyva
 30206 | Lair:5   | Reached ** piety under Jiyva
 30469 | Orc:1    | Reached *** piety under Jiyva
 30506 | Orc:1    | Gained mutation: Scrolls take you a little longer to read.
                  | [Jiyva's grace]
 30536 | Orc:2    | Reached **** piety under Jiyva
 30536 | Orc:2    | Lost mutation: Your spells are a little harder to cast, but
                  | a little more powerful. [Jiyva's grace]
 30540 | Orc:2    | Lost mutation: You are partially covered in rugged brown
                  | scales. (AC +1, +3% HP) [Jiyva's grace]
 30543 | Orc:2    | Reached ***** piety under Jiyva
 30559 | Orc:2    | Gained mutation: You evolve. [Jiyva's grace]
 30581 | Orc:2    | Gained mutation: You are robust. (+10% HP) [Jiyva's grace]
 30605 | Orc:2    | Reached ****** piety under Jiyva
 30669 | Orc:1    | Lost mutation: Scrolls take you a little longer to read.
                  | [Jiyva's grace]
 30891 | Slime:1  | Entered Level 1 of the Pits of Slime
 30891 | Slime:1  | Noticed an acid blob
 31049 | Slime:3  | Noticed an acid blob
 31066 | Slime:5  | Entered Level 5 of the Pits of Slime
 31067 | Slime:5  | Noticed an acid blob
 31070 | Slime:5  | Gained mutation: Armour fits poorly on your pseudopods.
                  | [Jiyva's grace]
 31071 | Slime:5  | Noticed an acid blob
 31072 | Slime:5  | Found a viscous altar of Jiyva.
 31072 | Slime:5  | Noticed an acid blob
 31072 | Slime:5  | Noticed an acid blob
 31072 | Slime:5  | Noticed an acid blob
 31072 | Slime:5  | Noticed the Royal Jelly
 31072 | Slime:5  | Noticed an acid blob
 31073 | Slime:5  | Found the +3 robe of Folly {Archmagi, MR-- Int+5}
 31073 | Slime:5  | Found the +11 plutonium sword {*Contam Stlth-}
 31073 | Slime:5  | Found the +7 great mace "Undeadhunter" {disrupt, rN+}
 31073 | Slime:5  | Noticed an acid blob
 31075 | Slime:5  | Gained mutation: Your mind is acute. (Int +2) [Jiyva's
                  | grace]
 31077 | Slime:5  | Gained mutation: You rapidly evolve. [Jiyva's grace]
 31088 | Slime:5  | Identified the Incunabulum of the Twisted Escort
 31091 | Slime:5  | Identified Hiam's Guide on the Snowflakes and Poison
 31095 | Slime:5  | Got a slimy rune of Zot
 31113 | Slime:5  | Identified Sirug's Handbook of Aerial Intoxication
 31137 | Slime:4  | Noticed an acid blob
 31162 | Slime:1  | Noticed an acid blob
 31246 | Snake:1  | Entered Level 1 of the Snake Pit
 31323 | Lair:2   | HP: 8/165 [poisoned by a naga ritualist (toxic radiance)]
 31328 | Lair:2   | HP: 6/165 [poisoned by a naga ritualist (toxic radiance)]
 31333 | Lair:2   | HP: 6/165 [poisoned by a naga ritualist (toxic radiance)]
 31339 | Lair:2   | HP: 6/165 [poisoned by a naga ritualist (toxic radiance)]
 31344 | Lair:2   | HP: 8/165 [poisoned by a naga ritualist (toxic radiance)]
 31371 | Lair:2   | Gained mutation: You expend magic power (3 MP) to
                  | strengthen your wands. [evolution]
 31694 | Snake:1  | Noticed Roxanne
 31703 | Snake:1  | Killed Roxanne
 32027 | Snake:1  | Noticed Louise
 32029 | Snake:1  | Gained mutation: Your muscles are strong. (Str +2) [Jiyva's
                  | grace]
 32036 | Snake:1  | Slimified Louise
 32036 | Snake:1  | Noticed Louise
 32036 | Snake:1  | Louise changed into Louise the slime creature
 32667 | Snake:1  | Gained mutation: Armour fits poorly on your large
                  | pseudopods. [Jiyva's grace]
 32813 | Snake:1  | Reached skill level 19 in Unarmed Combat
 33502 | Snake:2  | Lost mutation: Your muscles are strong. (Str +2) [Jiyva's
                  | grace]
 33686 | Snake:2  | Noticed Aizul
 33703 | Snake:2  | Killed Aizul
 34177 | Snake:2  | Gained mutation: You have a small jelly attached to you
                  | that may absorb incoming projectiles. [Jiyva's grace]
 34728 | Snake:3  | Lost mutation: You expend magic power (3 MP) to strengthen
                  | your wands. [Jiyva's grace]
 34857 | Snake:3  | Noticed an acid blob
 34857 | Snake:3  | a nagaraja changed into an acid blob
 35327 | Snake:3  | Lost mutation: You are robust. (+10% HP) [Jiyva's grace]
 35395 | Snake:3  | Noticed Saint Roka
 35407 | Snake:3  | Slimified Saint Roka
 35407 | Snake:3  | Noticed Saint Roka
 35407 | Snake:3  | Saint Roka changed into Saint Roka the azure jelly
 35413 | Snake:3  | Gained mutation: You passively map a small area around you.
                  | [Jiyva's grace]
 35867 | Snake:4  | Entered Level 4 of the Snake Pit
 35885 | Snake:4  | Noticed Asterion
 35886 | Snake:4  | Noticed an Executioner
 35967 | Snake:4  | Slimified Asterion
 35967 | Snake:4  | Noticed Asterion
 35967 | Snake:4  | Asterion changed into Asterion the azure jelly
 36134 | Snake:4  | Gained mutation: Your flesh is cold resistant. (rC+)
                  | [Jiyva's grace]
 36232 | Snake:4  | Lost mutation: You have a small jelly attached to you that
                  | may absorb incoming projectiles. [potion of mutation]
 36232 | Snake:4  | Lost mutation: Your mind is acute. (Int +2) [potion of
                  | mutation]
 36232 | Snake:4  | Lost mutation: Your flesh is cold resistant. (rC+) [potion
                  | of mutation]
 36232 | Snake:4  | Gained mutation: You are dopey. (Int -2) [potion of
                  | mutation]
 36232 | Snake:4  | Gained mutation: Your muscles are strong. (Str +2) [potion
                  | of mutation]
 36233 | Snake:4  | Lost mutation: You are dopey. (Int -2) [Jiyva's power]
 36246 | Snake:4  | Killed Asterion the azure jelly
 36358 | Snake:4  | Lost mutation: You rapidly evolve. [Jiyva's grace]
 36363 | Snake:4  | Found Jobloh's Gadget Shop.
 36364 | Snake:4  | Found Pithoz's Jewellery Emporium.
 36365 | Snake:4  | Found Naitsedosch's Gadget Shop.
 36534 | Snake:4  | Gained mutation: You have large cloven feet. [Jiyva's
                  | grace]
 37066 | Snake:4  | Reached skill level 10 in Shields
 37111 | Snake:4  | Reached XP level 17. HP: 147/159 MP: 16/18
 37290 | Snake:4  | Gained mutation: You are resistant to hostile enchantments.
                  | (MR+) [Jiyva's grace]
 37349 | Snake:4  | Reached skill level 10 in Throwing
 37767 | Snake:4  | Gained mutation: You possess an exceptional clarity of
                  | mind. [Jiyva's grace]
 37959 | Snake:4  | Lost mutation: You evolve. [Jiyva's grace]
 38526 | Snake:4  | Lost mutation: Your muscles are strong. (Str +2) [Jiyva's
                  | grace]
 38768 | Snake:4  | Gained mutation: You are mostly covered in slimy green
                  | scales. (AC +3) [Jiyva's grace]
 39211 | Snake:4  | Got a serpentine rune of Zot
 39464 | D:10     | Lost mutation: You possess an exceptional clarity of mind.
                  | [Jiyva's grace]
 39600 | Vaults:1 | Entered Level 1 of the Vaults
 39603 | Vaults:1 | Found a magical portal.
 39745 | WizLab   | Reached skill level 20 in Unarmed Combat
 39939 | WizLab   | HP: 1/162 [balrug/+2 demon whip of electrocution (9)]
 39942 | WizLab   | Gained mutation: Armour fits poorly on your strangely
                  | shaped body. [a neqoxec]
 40295 | Vaults:1 | Lost mutation: Armour fits poorly on your strangely shaped
                  | body. [Jiyva's power]
 40535 | Vaults:1 | Lost mutation: Armour fits poorly on your large pseudopods.
                  | [Jiyva's grace]
 40557 | Vaults:1 | Gained mutation: Your muscles are strong. (Str +2) [Jiyva's
                  | grace]
 40576 | Vaults:1 | Gained mutation: Your magical capacity is low. (-10% MP)
                  | [Jiyva's grace]
 40714 | Vaults:1 | Gained mutation: Your mind is acute. (Int +2) [Jiyva's
                  | grace]
 40751 | Vaults:1 | Lost mutation: Armour fits poorly on your pseudopods.
                  | [Jiyva's grace]
 40796 | Vaults:1 | Reached XP level 18. HP: 129/171 MP: 13/17
 40818 | Vaults:1 | Lost mutation: You passively map a small area around you.
                  | [Jiyva's grace]
 41006 | Vaults:1 | Lost mutation: You are resistant to hostile enchantments.
                  | (MR+) [Jiyva's grace]
 41053 | Vaults:1 | Found a glowing golden altar of the Shining One.
 41083 | Vaults:1 | Lost mutation: Your muscles are strong. (Str +2) [Jiyva's
                  | grace]
 41463 | Vaults:1 | Gained mutation: Your muscles are strong. (Str +2) [Jiyva's
                  | grace]
 41469 | Vaults:1 | Lost mutation: Your magical capacity is low. (-10% MP)
                  | [Jiyva's grace]
 41638 | Vaults:1 | Gained mutation: You are occasionally teleported next to
                  | monsters. [Jiyva's grace]
 41813 | Vaults:2 | Lost mutation: You are occasionally teleported next to
                  | monsters. [Jiyva's power]
 41904 | Vaults:2 | Found Epsec's Gadget Shop.
 42320 | Vaults:2 | Lost mutation: Your mind is acute. (Int +2) [Jiyva's grace]
 42694 | Vaults:2 | Lost mutation: Your muscles are strong. (Str +2) [Jiyva's
                  | grace]
 42769 | Vaults:2 | Lost mutation: You have large cloven feet. [Jiyva's grace]
 42905 | Vaults:3 | Lost mutation: You are mostly covered in slimy green
                  | scales. (AC +3) [Jiyva's grace]
 43086 | Vaults:3 | Reached skill level 21 in Unarmed Combat
 43108 | Vaults:3 | Reached skill level 10 in Fighting
 43128 | Vaults:3 | Reached XP level 19. HP: 52/182 MP: 11/20
 43142 | Vaults:3 | Gained mutation: Your muscles are strong. (Str +2) [Jiyva's
                  | grace]
 43145 | Vaults:3 | Gained mutation: You have acidic saliva. [Jiyva's grace]
 43152 | Vaults:3 | Gained mutation: You are partially covered in thin metallic
                  | scales. (AC +2) [Jiyva's grace]
 43182 | Vaults:3 | Lost mutation: Your muscles are strong. (Str +2) [Jiyva's
                  | grace]
 43280 | Vaults:3 | Gained mutation: Your translucent skin slightly reduces
                  | your foes' accuracy. (Stealth) [Jiyva's grace]
 43559 | Vaults:3 | Found a staircase to the Crypt.
 43647 | Vaults:3 | Identified Puitaxyl's Grimoire of Protection and the Birds
 43831 | Vaults:3 | Lost mutation: You are partially covered in thin metallic
                  | scales. (AC +2) [Jiyva's grace]
 44107 | Vaults:4 | Slain by a cyan very ugly thing

Levels and vault maps discovered:
D:1:      lightli_arrival_statue_moat, layout_rooms
D:2:      layout_loops_ring, minmay_statues_item
D:3:      layout_loops_ring, zin_angel, lemuel_doored_altar, lemuel_round_altar
D:4:      minmay_skewed_foursquare, layout_basic, temple_statues,
          grunt_gozag_statues, uniq_grinder
D:5:      layout_cave_pools, first_ration
D:6:      layout_basic, hangedman_decor_peaks_small
D:7:      layout_loops_ring, nicolae_overflow_crystal_walls
D:8:      layout_loops_corners
D:9:      layout_loops_corners, minmay_lair_entry_grove, minmay_starry_boxes
D:10:     layout_roguey, hangedman_stone_soup, minmay_shattered_shrine
D:11:     layout_loops_cross, portal_ice_cave_entry_pillars_1, serial_shops,
          kennysheep_little_box, lemuel_centaur_altar
D:12:     kennysheep_blocky_hall, layout_small_grid
D:13:     layout_loops_ring, serial_shops, shop, nicolae_shop_crystal, shop,
          nicolae_shop_overgrown_old_shop, nicolae_shop_stone
D:14:     layout_stronghold, grunt_vaults_entry_fortified, serial_shops, shop,
          ebering_ghost_funeral_grove, roderic_lattice_a,
          kennysheep_generic_room_7
D:15:     grunt_enter_depths_hoard, layout_basic,
          hangedman_abyss_or_decor_jellyfish_corner, minivault_28
Temple:   dpeg_five_rooms_temple
Lair:1:   layout_small_grid, grunt_megastairs_1
Lair:2:   layout_hall_layers, minmay_snake_entry_guardpost_medium
Lair:3:   layout_loops_ring, gammafunk_ghost_necromancy,
          chequers_serial_rivers_micro_a
Lair:4:   layout_concentric_octagons, minmay_swamp_entry_swarm, st_stairs_6,
          grunt_megastairs_2, lemuel_fruit_tree
Lair:5:   statuecave_lemuel, layout_hall_layers, slime_altar_1,
          gauntlet_entry_generic, minmay_lair_oklob_chamber, uniq_josephine
Lair:6:   cheibrodos_lair_end_hotspot, layout_regular_city,
          gammafunk_ghost_hydra_chop
Snake:1:  layout_layer_cave, uniq_louise, uniq_roxanne
Snake:2:  layout_layer_cave, special_room, nicolae_large_snake_swirl,
          grunt_megastairs_3, uniq_aizul
Snake:3:  layout_cave_town, uniq_saint_roka
Snake:4:  snake_pit, layout_layer_cave, minmay_shop_grove, uniq_asterion
Slime:1:  layout_caves, cheibrodos_slime_lost_civilization_6
Slime:2:  layout_caves
Slime:3:  layout_caves
Slime:4:  layout_caves
Slime:5
Orc:1:    layout_caves, serial_shops, nicolae_shop_statue_plus,
          ebering_ghost_reflecting_pool
Orc:2:    pf_orc_diabolical, layout_diamond_mine, basic_altar, special_room
Vaults:1: kb_rosetta, vaults_room_grunt_arrival_ludios, vaults_room_hallway,
          vaults_room_hallway, grunt_vaults_swirl,
          nicolae_vaults_network_barrier, v_misc_8, v_pattern_2,
          v_alt_pattern_2, ontoclasm_vaults_claustrophobia,
          ontoclasm_vaults_pinch, ontoclasm_vaults_chip, layout_vaults_maze,
          basic_altar, infiniplex_enter_wizlab_water
Vaults:2: hangedman_vaults_stagger, vaults_room_grid, vaults_room_door_ring,
          ontoclasm_vaults_idyll, nicolae_vaults_gold_heap, vaults_dpeg_ring,
          layout_vaults_omnigrid, serial_shops, nicolae_shop_crystal
Vaults:3: hangedman_vaults_slice, minmay_crypt_entry_simple_walls,
          vaults_dpeg_diagonal, st_squares, v_rooms_4, grunt_vaults_funnel,
          vaults_room_door_ring, nicolae_vaults_specimen_jars,
          nicolae_vaults_network_square, layout_vaults_big_room
Vaults:4: v_misc_24, v_pattern_4, hangedman_vaults_nodes,
          nicolae_vaults_twisting_passages, v_misc_3, ontoclasm_vaults_idyll,
          grunt_vaults_trifunnel, v_misc_18, ontoclasm_vaults_tryst,
          vaults_mumra_lcd, ontoclasm_vaults_ring_small,
          dpeg_vaults_pockets_of_resistance, layout_vaults_omnibox

Skill      XL: |  1  2  3  4  5  6  7  8  9 10 11 12 13 14 15 16 17 18 19 |
---------------+----------------------------------------------------------+-----
Unarmed Combat | 4 5 6 7 8 10 11 13 15 16 17 18 19 20 21 | 21.4
Armour         | 1 2 3 4 5 6 7 9 10 11 12 | 12.0
Dodging        | 3 |  3.3
Fighting       | 3 4 5 6 7 8 9 10 | 10.3
Shields        | 1 2 4 6 7 9 10 11 12 13 | 13.3
Throwing       | 1 2 3 5 6 8 9 10 11 | 11.5
Long Blades    | 1 2 |  2.1
Charms         | 1 |  1.8
Spellcasting   | 1 |  1.6
Stealth        | |  1.0
Evocations     | |  0.1

Action                   |  1- 3 |  4- 6 |  7- 9 | 10-12 | 13-15 | 16-18 | 19-21 || total
-------------------------+-------+-------+-------+-------+-------+-------+-------++-------
Melee: Unarmed           |   113 |    88 |   373 |   847 |  1427 |  1460 |   183 ||  4491
       Punch             |     3 |       |       |       |       |       |       ||     3
       Scimitar          |       |       |       |       |    12 |     3 |       ||    15
       Pseudopods        |       |       |       |       |       |   218 |       ||   218
       Kick              |       |       |       |       |       |   390 |       ||   390
       Bite              |       |       |       |       |       |       |    44 ||    44
Throw: Boomerang         |       |    11 |     3 |    18 |   117 |    45 |       ||   194
       Dart              |       |       |       |    35 |    44 |       |       ||    79
       Large rock        |       |       |       |       |    60 |    64 |     6 ||   130
       Javelin           |       |       |       |       |    25 |    29 |       ||    54
Invok: Lesser Healing    |       |       |       |     1 |       |       |       ||     1
       Request Jelly     |       |       |       |       |       |     5 |       ||     5
       Slimify           |       |       |       |       |       |     7 |       ||     7
       Cure Bad Mutation |       |       |       |       |       |     6 |       ||     6
Evoke: Wand              |       |       |       |     2 |       |     2 |       ||     4
  Use: Scroll            |       |       |    12 |     5 |    25 |     9 |       ||    51
       Potion            |       |       |     2 |     3 |     6 |    11 |     2 ||    24
 Stab: Sleeping          |     3 |       |     2 |     1 |       |       |       ||     6
       Invisible         |       |       |       |       |       |     1 |       ||     1
  Eat: Chunk             |    16 |    12 |    33 |    80 |   124 |    49 |     2 ||   316
       Ration            |       |       |       |       |     2 |     2 |       ||     4
Armor: Robe              |    36 |    23 |    71 |    56 |       |       |       ||   186
       Steam dragon scal |       |       |       |   225 |    62 |       |       ||   287
       Ice dragon scales |       |       |       |       |   536 |   374 |    39 ||   949
Dodge: Dodged            |    62 |    41 |    97 |   254 |   308 |   202 |    22 ||   986
Block: Shield            |       |    12 |   192 |   525 |   680 |    41 |       ||  1450
       Large shield      |       |       |       |       |       |   858 |   151 ||  1009
       Rpst.: Scimitar   |       |       |       |       |     2 |       |       ||     2

Table legend:
 A = Non-vault XP
 B = Vault XP
 C = Vault XP percentage of total XP
 D = Non-vault monster count
 E = Vault monster count
 F = Vault count percentage of total count
                 A         B        C        D         E       F
            +---------+---------+-------+---------+---------+-------
      Total |  243556 |  167935 |  40.8 |     897 |     353 |  28.2
            +---------+---------+-------+---------+---------+-------
        D:1 |      55 |       0 |   0.0 |      31 |       0 |   0.0
        D:2 |      50 |       0 |   0.0 |      14 |       0 |   0.0
        D:3 |     136 |       0 |   0.0 |      13 |       0 |   0.0
        D:4 |     220 |     342 |  60.9 |      17 |       4 |  19.0
        D:5 |     341 |       0 |   0.0 |      10 |       0 |   0.0
        D:6 |     552 |       0 |   0.0 |      14 |       0 |   0.0
        D:7 |    1321 |       0 |   0.0 |      35 |       0 |   0.0
        D:8 |    1772 |       0 |   0.0 |      28 |       0 |   0.0
        D:9 |    1043 |    1947 |  65.1 |      22 |      16 |  42.1
       D:10 |    1599 |    3638 |  69.5 |      34 |      22 |  39.3
       D:11 |    4340 |     441 |   9.2 |      44 |       4 |   8.3
       D:12 |    5960 |     686 |  10.3 |      43 |       4 |   8.5
       D:13 |    5702 |       0 |   0.0 |      24 |       0 |   0.0
       D:14 |   14232 |   10680 |  42.9 |      52 |      17 |  24.6
       D:15 |    9573 |    9636 |  50.2 |      24 |      13 |  35.1
     Lair:1 |    4322 |     828 |  16.1 |      19 |       2 |   9.5
     Lair:2 |    4050 |     639 |  13.6 |      20 |       4 |  16.7
     Lair:3 |    4504 |       0 |   0.0 |      27 |       0 |   0.0
     Lair:4 |    5025 |    1177 |  19.0 |      14 |       7 |  33.3
     Lair:5 |    3734 |    5618 |  60.1 |      18 |      13 |  41.9
     Lair:6 |   16420 |   10585 |  39.2 |      50 |      32 |  39.0
    Snake:1 |    7257 |    1258 |  14.8 |      18 |       1 |   5.3
    Snake:2 |   14483 |    4438 |  23.5 |      32 |       7 |  17.9
    Snake:3 |    9950 |      57 |   0.6 |      16 |       4 |  20.0
    Snake:4 |   20711 |   34273 |  62.3 |      38 |      41 |  51.9
      Orc:1 |    4470 |    1211 |  21.3 |      38 |       1 |   2.6
      Orc:2 |    2034 |   16382 |  89.0 |      28 |      62 |  68.9
   Vaults:1 |   37126 |   14309 |  27.8 |      77 |      23 |  23.0
   Vaults:2 |   20858 |    2653 |  11.3 |      46 |       3 |   6.1
   Vaults:3 |   28605 |   21007 |  42.3 |      34 |      22 |  39.3
   Vaults:4 |   13111 |    4867 |  27.1 |      17 |       3 |  15.0
      IceCv |       0 |    2702 | 100.0 |       0 |      10 | 100.0
     WizLab |       0 |   12971 | 100.0 |       0 |      21 | 100.0
   Gauntlet |       0 |    5590 | 100.0 |       0 |      17 | 100.0
            +---------+---------+-------+---------+---------+-------
